 Dungeon Crawl Stone Soup version 0.16-a0-3328-ge0079ed (webtiles) character file.

225 Minkie the Poker (level 5, -5/35 HPs)
             Began as a Mummy Wizard on Dec 27, 2014.
             Slain by a centaur (8 damage)
             ... on level 5 of the Dungeon.
             The game lasted 00:10:54 (3076 turns).

Minkie the Poker (Mummy Wizard)                     Turns: 3076, Time: 00:10:54

Health: -5/35      AC:  5    Str: 10    XL:     5   Next: 68%
Magic:  11/11      EV: 10    Int: 18    God:
Gold:   171        SH:  0    Dex: 10    Spells: 4 memorised, 1 level left

rFire  x . .     SeeInvis .     i - +0 trident
rCold  + + .     Clarity  .     d - +0 ring mail {rC+}
rNeg   + + +     SustAb   .     (no shield)
rPois  ∞         Gourm    .     b - +0 hat
rElec  .         Spirit   .     (no cloak)
rCorr  .         Warding  .     (no gloves)
rMut   .         Stasis   .     (no boots)
MR     .....                    (no amulet)
Stlth  +.........               (no ring)
                                (no ring)

@: not resistant to hostile enchantments, very unstealthy
A: no food or potions, fire vulnerability, restore body, cold resistance 1,
negative energy resistance 3, poison resistance, torment resistance, unbreathing
a: no special abilities


You were on level 5 of the Dungeon.
You were not hungry.

You visited 1 branch of the dungeon, and saw 4 of its levels.

You collected 171 gold pieces.

Inventory:

Hand weapons
 i - a +0 trident (weapon)
Missiles
 g - 2 tomahawks (quivered)
Armour
 a - a +0 robe
 b - a +0 hat (worn)
 d - a +0 ring mail of cold resistance (worn)
Magical devices
 l - a wand of draining (6)
Scrolls
 e - 2 scrolls of fear {unknown}
 f - 2 scrolls of remove curse {unknown}
 h - 2 scrolls of identify {unknown}
 j - a scroll of enchant armour {unknown}
 k - a scroll of teleportation {unknown}
Books
 c - a book of Minor Magic

   Spells                             Type                      Level
   a - Magic Dart                     Conjuration                  1
   b - Blink                          Translocation                2
   c - Call Imp                       Summoning                    2
   d - Repel Missiles                 Charms/Air                   2
   e - Slow                           Hexes                        2
   f - Conjure Flame                  Conjuration/Fire             3
   g - Mephitic Cloud                 Conjuration/Poison/Air       3


   Skills:
 + Level 3.9 Polearms
 - Level 1.5 Dodging
 - Level 1.5 Stealth
 - Level 3.0 Spellcasting
 - Level 2.2 Conjurations
   Level 0.7 Summonings
 - Level 0.7 Translocations


You had one spell level left.
You knew the following spells:

 Your Spells              Type           Power        Failure   Level  Hunger
a - Magic Dart            Conj           ##..         12%         1    N/A
b - Conjure Flame         Conj/Fire      #.......     67%         3    N/A
c - Mephitic Cloud        Conj/Pois/Air  #.......     67%         3    N/A
d - Blink                 Tloc           N/A          38%         2    N/A

Dungeon Overview and Level Annotations

Branches:
Dungeon (5/15)
 Temple: D:4-7

Altars:
Fedhas

Annotations:
D:4 Grinder


Innate Abilities, Weirdness & Mutations

You do not eat or drink.
Your flesh is vulnerable to fire.
Your flesh is cold resistant.
You are immune to negative energy.
Your system is resistant to poisons.
You are immune to unholy pain and torment.
You can survive without breathing.


Message History

You hit the phantom.
The phantom is lightly damaged.
The phantom blinks!
The centaur wields a shortbow.
The centaur shoots an arrow.
The arrow closely misses you.
You are too injured to fight recklessly!
Attack whom?
Press: ? - help, Dir - move target cursor, f - centaur
Aim: a centaur, wielding a shortbow You reach to attack!
You hit the centaur.
The centaur is moderately wounded.
You hit the centaur.
The centaur is heavily wounded.
The centaur unwields an uncursed shortbow.
The centaur closely misses you.
You barely miss the centaur.
The centaur is heavily wounded.
The centaur hits you!
* * * LOW HITPOINT WARNING * * *
The centaur hits you!
You die...

#########...............#
#........†..............#
#.................#######
...........#.>..........
...........####(....###
...........# #(..>..PPP
########### #.W......P
#c####.PP_ #@#


PcP #.# P #.# #.# #.# #.# #(# #.# ..# You could see a phantom and a centaur.

Vanquished Creatures
  An ogre (D:4)
  A giant frog zombie (D:5)
  A worker ant (D:5)
  A hound skeleton (D:5)
  3 gnolls (D:4)
  2 adders
  A giant mite (D:5)
  A worm (D:2)
  An adder skeleton (D:5)
  A bat skeleton (D:4)
  5 goblins
  3 hobgoblins (D:1)
  A quokka (D:5)
  4 bats
  A jackal zombie (D:5)
  6 kobolds
  4 rats
37 creatures vanquished.

Notes
Turn   | Place    | Note
--------------------------------------------------------------
     0 | D:1      | Minkie, the Mummy Wizard, began the quest for the Orb.
     0 | D:1      | Reached XP level 1. HP: 13/13 MP: 4/4
    65 | D:1      | Reached skill level 1 in Conjurations
   313 | D:1      | Reached XP level 2. HP: 19/19 MP: 3/6
   951 | D:2      | Reached XP level 3. HP: 8/24 MP: 7/7
  1210 | D:2      | You fall through a shaft for 2 floors!
  1228 | D:4      | Noticed an ogre
  1244 | D:4      | Killed an ogre
  1244 | D:4      | Reached XP level 4. HP: 30/30 MP: 9/9
  1379 | D:5      | Entered Level 5 of the Dungeon
  1758 | D:4      | Noticed Grinder
  1762 | D:4      | Paralysed by Grinder for 5 turns
  1982 | D:5      | Learned a level 3 spell: Conjure Flame
  1986 | D:5      | Learned a level 3 spell: Mephitic Cloud
  1989 | D:5      | Learned a level 2 spell: Blink
  2085 | D:5      | Reached XP level 5. HP: 24/35 MP: 11/11
  3011 | D:5      | Found a blossoming altar of Fedhas.
  3011 | D:5      | Noticed a centaur
  3070 | D:5      | Noticed a phantom
  3076 | D:5      | Slain by a centaur

Action                   |  1- 3 |  4- 6 || total
-------------------------+-------+-------++-------
Melee: Spear             |    60 |       ||    60
       Unarmed           |     1 |       ||     1
       Trident           |     6 |   118 ||   124
 Cast: Magic Dart        |    28 |       ||    28
       Conjure Flame     |       |     2 ||     2
